 Dungeon Crawl Stone Soup version 0.27-a0-828-g8289197e94 (webtiles) character file.

Game seed: 10350651041762385655

597 polve the Transmogrifier (level 7, -1/52 HPs)
             Began as a Black Draconian Transmuter on Mar 30, 2021.
             Succumbed to a scorpion's poison
             ... on level 5 of the Dungeon.
             The game lasted 00:04:30 (5459 turns).

polve the Transmogrifier (DrTm)                     Turns: 5459, Time: 00:04:30

Health: -1/52      AC: 10    Str: 13    XL:     7   Next: 17%
Magic:  1/10       EV: 12    Int: 15    God:
Gold:   188        SH:  0    Dex: 11    Spells: 2/10 levels left

rFire    . . .     SeeInvis .   A - +1 demon blade (elec)
rCold    . . .     Faith    .   (no shield)
rNeg     . . .     Spirit   +   (armour unavailable)
rPois    +         Reflect  .   (helmet restricted)
rElec    +         Harm     .   (no cloak)
rCorr    .         Rampage  .   (no gloves)
Will     .....                  (no boots)
Stlth    +.........             c - amulet of guardian spirit
HPRegen  0.17/turn              f - ring of poison resistance
MPRegen  0.12/turn              o - +4 ring of protection

@: lethally poisoned (-1 -> -9)
A: breathe lightning, AC +6, unfitting armour, electricity resistance,
cold-blooded
a: Breathe Lightning


You were on level 5 of the Dungeon.
You visited 1 branch of the dungeon, and saw 5 of its levels.

You collected 188 gold pieces.

Inventory:

Hand Weapons
 u - a +1 dagger of venom
 A - a +1 demon blade of electrocution (weapon)
Armour
 t - a +0 pair of gloves
Jewellery
 c - an amulet of guardian spirit (around neck)
 f - a ring of poison resistance (left hand)
 o - a +4 ring of protection (right hand)
 s - an amulet of faith
 w - an amulet of magic regeneration
 B - a +6 ring of dexterity
Wands
 m - a wand of iceblast (9)
 y - a wand of paralysis (9)
 z - a wand of flame (16)
Scrolls
 a - a scroll of noise {unknown}
 d - 7 scrolls of identify {unknown}
 g - a scroll of holy word {unknown}
 h - a scroll of torment {unknown}
 i - 2 scrolls of enchant armour {unknown}
 j - 4 scrolls of teleportation {unknown}
 l - 2 scrolls of amnesia {unknown}
 x - a scroll of fog {unknown}
Potions
 b - a potion of haste {unknown}
 e - 2 potions of invisibility {unknown}
 k - 4 potions of heal wounds {unknown}
 n - a potion of attraction {unknown}
 p - 2 potions of mutation {unknown}
 q - a potion of might {unknown}
 r - 2 potions of curing
 v - a potion of cancellation {unknown}


   Skills:
 - Level 1.1 Fighting
 - Level 1.7 Dodging
 - Level 3.0 Unarmed Combat
 - Level 2.0 Spellcasting
 + Level 8.0 Transmutations


You had 2 spell levels left.
You knew the following spells:

 Your Spells              Type           Power      Damage    Failure   Level
a - Beastly Appendage     Tmut           50%        N/A       1%          1
b - Wereblood             Tmut           25%        N/A       1%          2
c - Hydra Form            Tmut           12%        N/A       22%         5

Your spell library contained the following spells:

 Spells                   Type           Power      Damage    Failure   Level
 Animate Skeleton         Necr           2%         N/A       22%         1
 Apportation              Tloc           2%         N/A       22%         1
 Corona                   Hex            1%         N/A       22%         1
 Summon Small Mammal      Summ           4%         N/A       22%         1
 Spider Form              Tmut/Pois      6%         N/A       13%         3
 Ice Form                 Ice/Tmut       13%        N/A       38%         4


Dungeon Overview and Level Annotations

Branches:
Dungeon (5/15)             Temple (0/1) D:5

Altars:
Vehumet

Shops:
D:5 [


Innate Abilities, Weirdness & Mutations

You can breathe wild blasts of lightning.
Your glossy black scales are hard. (AC +6)
You cannot fit into any form of body armour.
You are resistant to electric shocks. (rElec)
You are cold-blooded and may be slowed by cold attacks.


Message History

The scorpion barely misses you.
You riposte.
You closely miss the scorpion.
The scorpion is moderately wounded.
The scorpion stings you. The scorpion closely misses you.
The scorpion stings you but does no damage.
The scorpion barely misses you.
The scorpion stings you but does no damage.
The scorpion stings you. The scorpion closely misses you.
The scorpion barely misses you. The scorpion stings you.
You are poisoned.
The scorpion poisons you!
You feel sick. The scorpion closely misses you. The scorpion stings you.
You feel sick.
The scorpion stings you but does no damage.
You feel sick. The scorpion stings you.
You feel sick. The scorpion stings you.
* * * LOW HITPOINT WARNING * * *
You are lethally poisoned!
The scorpion poisons you!
* * * LOW HITPOINT WARNING * * *
You feel very sick. The scorpion barely misses you.
* * * LOW HITPOINT WARNING * * *
You feel very sick. The scorpion stings you.
* * * LOW HITPOINT WARNING * * *
The scorpion closely misses you.
* * * LOW HITPOINT WARNING * * *
You feel sick. The scorpion barely misses you.
You riposte.
You hit the scorpion. Lightning courses through the scorpion!
You tail-slap the scorpion, but do no damage.
The scorpion is almost dead.
* * * LOW HITPOINT WARNING * * *
You feel sick. The scorpion misses you.
You riposte.
You barely miss the scorpion.
You punch the scorpion, but do no damage.
The scorpion is almost dead.
You die...

#................>..# ......
#..................###...##..
##......##..........# #.# ####
#......#...........(###..##...
###....#.#..............##....
##.######...................
#.# ##..##.###.......... ###
#.....# ##...####..
###s@##.###.......♣.#
#...........#...#.♣.∩.♣
#................##..♣##
###.....##..##...##.....
#.#.##########.#..##.. ####
#......##. #..(..###.
##..####.. ##.##....


You could see a scorpion.

Vanquished Creatures
  A sky beast (D:4)
  A centaur (D:5)
  A phantom (D:5)
  A jelly (D:5)
  Ijyb (D:4)
  An iguana (D:4)
  An orc wizard (D:3)
  Natasha (twice) (D:2)
  10 adders
  2 worms
  5 dart slugs
  4 orcs
  8 endoplasms
  4 goblins
  14 hobgoblins
  4 jackals (D:4)
  5 kobolds
  3 quokkas
  4 ball pythons
  6 bats (D:1)
  5 frilled lizards
  13 rats
96 creatures vanquished.

Notes
Turn   | Place    | Note
-------+----------+-------------------------------------------
     0 | D:1      | polve the Draconian Transmuter began the quest for the Orb.
     0 | D:1      | Reached XP level 1. HP: 16/16 MP: 3/3
   101 | D:1      | Reached XP level 2. HP: 21/23 MP: 5/5
   158 | D:1      | Reached skill level 3 in Transmutations
   922 | D:1      | Reached XP level 3. HP: 27/28 MP: 4/6
  1409 | D:2      | Learned a level 2 spell: Wereblood
  1424 | D:2      | Reached skill level 4 in Transmutations
  1741 | D:2      | Noticed Natasha
  1761 | D:2      | Killed Natasha
  1762 | D:2      | Reached XP level 4. HP: 14/35 MP: 3/7
  2035 | D:2      | Noticed Natasha
  2053 | D:2      | Killed Natasha
  2066 | D:2      | Reached skill level 5 in Transmutations
  2640 | D:2      | Reached XP level 5. HP: 40/40 MP: 6/8
  3105 | D:3      | Found a faded altar of an unknown god.
  3340 | D:3      | Learned a level 5 spell: Hydra Form
  3383 | D:3      | Reached skill level 6 in Transmutations
  3724 | D:4      | Noticed Ijyb
  3750 | D:4      | Killed Ijyb
  4043 | D:4      | Reached XP level 6. HP: 47/47 MP: 9/9
  4091 | D:4      | Found a radiant altar of Vehumet.
  4455 | D:5      | Entered Level 5 of the Dungeon
  4455 | D:5      | Noticed a sky beast
  4476 | D:4      | Killed a sky beast
  4535 | D:5      | Reached skill level 7 in Transmutations
  4558 | D:5      | Found a staircase to the Ecumenical Temple.
  4870 | D:5      | Your scales start taking on a glossy black colour.
  4870 | D:5      | Reached XP level 7. HP: 44/52 MP: 6/10
  4870 | D:5      | Gained mutation: You are resistant to electric shocks.
                  | (rElec) [Black Draconian growth]
  4980 | D:5      | Found Oxeptal's Antique Armour Shop.
  5107 | D:5      | Reached skill level 8 in Transmutations
  5458 | D:5      | HP: 1/52 [poisoned by a scorpion]
  5459 | D:5      | Succumbed to a scorpion's poison

Illustrated notes

Levels and vault maps discovered:
D:1:      evilmike_arrival_plus, layout_basic, minmay_tetromino_o4
D:2:      layout_loops_ring, kennysheep_generic_room_7, uniq_natasha
D:3:      layout_basic, chequers_ecumenical_altar_simple_redux
D:4:      layout_gridville, hangedman_abyss_or_decor_passed,
          vehumet_altar_wand_db, uniq_ijyb
D:5:      layout_cave_pools, minmay_temple_entry_sparse_star, serial_shops,
          nicolae_shop_trees

Skill      XL: |  1  2  3  4  5  6  7 |
---------------+----------------------+-----
Transmutations | 3 4 5 6 7 8 |  8.0
Fighting       | |  1.1
Dodging        | |  1.7
Unarmed Combat | |  3.0
Spellcasting   | |  2.0

Action                   |  1- 3 |  4- 6 |  7- 9 || total
-------------------------+-------+-------+-------++-------
Melee: Unarmed           |   164 |   120 |       ||   284
       Tailslap          |    14 |    18 |     3 ||    35
       Kick              |    19 |    29 |       ||    48
       Headbutt          |     7 |    18 |       ||    25
       Punch             |     2 |       |     1 ||     3
       Dagger            |       |    90 |       ||    90
       Demon blade       |       |       |    15 ||    15
 Cast: Beastly Appendage |    19 |    24 |       ||    43
  Use: Potion            |     1 |     1 |       ||     2
 Stab: Sleeping          |       |     3 |       ||     3
Armor: Skin              |    67 |    66 |    25 ||   158
Dodge: Dodged            |   141 |   124 |    40 ||   305
       Rpst.: Demon blade |       |       |    14 ||    14

Table legend: (Time is in decaauts)
 A = Elapsed time spent in this place.
 B = Non-inter-level travel time spent in this place.
 C = Inter-level travel time spent in this place.
 D = Time resting spent in this place.
 E = Time spent auto-exploring this place.
 F = Levels seen in this place.
 G = Mean time per level.
                   A        B        C        D        E       F      G
               +--------+--------+--------+--------+--------+-----+--------+
         Total |   5453 |   5282 |    171 |     17 |   4313 |   5 | 1090.6 |
       Dungeon |   5453 |   5282 |    171 |     17 |   4313 |   5 | 1090.6 |
               +--------+--------+--------+--------+--------+-----+--------+

Top non-repeatable levels by time:
     D:2: 1467 daAuts
     D:1: 1243 daAuts
     D:4: 1204 daAuts
     D:3: 770 daAuts
     D:5: 767 daAuts
